 Dungeon Crawl Stone Soup version 0.26.1-11-gd32895ea62 (webtiles) character file.

Game seed: 4850325975118412569

4088 Silvore the Carver (level 10, -6/76 HPs)
             Began as a Demonspawn Gladiator on June 30, 2021.
             Was an Elder of Okawaru.
             Mangled by a centaur
             ... wielding a +0 war axe
              (8 damage)
             ... on level 7 of the Dungeon.
             The game lasted 00:14:15 (9393 turns).

Silvore the Carver (Demonspawn Gladiator)           Turns: 9393, Time: 00:14:16

Health: -6/76      AC: 13    Str: 18    XL:     10   Next: 5%
Magic:  0/10       EV: 15    Int: 10    God:    Okawaru [****..]
Gold:   413        SH:  0    Dex: 20    Spells: 9/9 levels left

rFire    . . .     SeeInvis .   G - +1 falchion
rCold    + . .     Faith    .   (no shield)
rNeg     . . .     Spirit   +   k - +0 ring mail
rPois    .         Reflect  .   c - +0 helmet
rElec    .         Harm     .   f - +0 cloak
rCorr    .         Rampage  .   (no gloves)
Will     .....                  (no boots)
Stlth    ++........             C - amulet of guardian spirit
HPRegen  0.22/turn              e - +4 ring of protection
MPRegen  0.12/turn              m - +6 ring of dexterity

@: hasted, very quick
A: talons 1, cold resistance 1, demonic guardian 1, freezing cloud immunity,
sharp scales 1
a: Renounce Religion, Heroism


You were on level 7 of the Dungeon.
You worshipped Okawaru.
Okawaru was greatly pleased with you.
You visited 2 branches of the dungeon, and saw 9 of its levels.
You also visited: Ossuary.

You collected 413 gold pieces.

Inventory:

Hand Weapons
 a - a +1 long sword
 G - a +1 falchion (weapon)
Missiles
 d - 3 throwing nets (quivered)
Armour
 b - a +0 leather armour
 c - a +0 helmet (worn)
 f - a +0 cloak (worn)
 k - a +0 ring mail (worn)
 p - a +1 leather armour of cold resistance
 u - a -1 plate armour
Jewellery
 e - a +4 ring of protection (left hand)
 l - an uncursed ring of protection from cold
 m - a +6 ring of dexterity (right hand)
 w - a cursed -4 ring of strength
 C - an amulet of guardian spirit (around neck)
Wands
 o - a wand of flame (8)
 t - a wand of disintegration (13)
 F - a wand of enslavement (9)
Scrolls
 g - 4 scrolls of remove curse
 q - 3 scrolls of identify
 y - a scroll of teleportation
 D - a scroll of torment
Potions
 h - 3 potions of haste
 i - 3 potions of attraction
 j - a potion of lignification
 n - 4 potions of curing
 r - 3 potions of ambrosia {unknown}
 s - a potion of might {unknown}
 v - 6 potions of degeneration
 x - 2 potions of mutation
 z - 3 potions of cancellation
 A - a potion of berserk rage {unknown}
 B - a potion of resistance
 E - a potion of invisibility {unknown}


   Skills:
 + Level 5.6 Fighting
 + Level 9.4 Long Blades
 + Level 2.0 Throwing
 + Level 5.6 Armour
 + Level 5.8 Dodging
 + Level 3.5 Stealth


You had 9 spell levels left.
You didn't know any spells.
Your spell library contained the following spells:

 Spells                   Type           Power        Failure   Level
 Magic Dart               Conj           0%           54%         1
 Blink                    Tloc           N/A          67%         2
 Call Imp                 Summ           0%           67%         2
 Slow                     Hex            0%           67%         2
 Conjure Flame            Conj/Fire      0%           88%         3
 Mephitic Cloud           Conj/Pois/Air  0%           88%         3


Dungeon Overview and Level Annotations

Branches:
Dungeon (8/15)             Temple (1/1) D:4            Lair (0/6) D:8
Ossuary (visited)

Altars:
Ashenzari
Cheibriados
Dithmenos
Elyvilon
Fedhas
Gozag
Hepliaklqana
Kikubaaqudgha
Makhleb
Nemelex Xobeh
Okawaru
Qazlal
Ru
Sif Muna
Trog
Uskayaw
Vehumet
Wu Jian
Xom
Yredelemnul
Zin


Innate Abilities, Weirdness & Mutations

You have sharp toenails.
Your flesh is cold resistant. (rC+)
A weak demonic guardian rushes to your aid.
You are immune to freezing clouds.
You are partially covered in razor-sharp scales. (AC +1, Slay +1)


Message History

You hit the two-headed ogre but do no damage.
You claw the two-headed ogre.
The two-headed ogre is severely wounded.
The orc priest invokes the aid of Beogh against you.
Beogh smites you!
* * * LOW HITPOINT WARNING * * *
Unknown command.
There is a stone staircase leading up here.
You slash the two-headed ogre! Your kick misses the two-headed ogre.
The two-headed ogre is almost dead.
The two-headed ogre misses you. x2; The centaur hits you with a +0 war axe.
* * * LOW HITPOINT WARNING * * *
The ogre barely misses your ufetubus.
The centaur hits you but does no damage.
The centaur barely misses your ufetubus.
The two-headed ogre barely misses you. x2
You climb upwards.
There is a stone staircase leading down here.
You feel yourself speed up. The centaur hits you with a +0 war axe!
You die...

#..# #.##...........####
####...# #.##
#.##..............# ##..#..
..#
#.#............##.####..####
.##
#...##.........##.#....## .#
###.####................## #
.#
#....##..........#(.....####
# ##
#....##..........##...#....#
# #
#..).##..........####..)...#
# #....##......@O..#
###....# #######......c...#
##...# ##........## #...#
##......## #...# ########
#...# #####


You could see a two-headed ogre and a centaur.

Vanquished Creatures
  A komodo dragon (D:6)
  2 yaks (D:8)
  A basilisk (D:8)
  2 black bears
  A sky beast (D:7)
  An ice beast (D:6)
  4 ogres
  3 phantoms
  2 centaurs
  6 bullfrogs
  A scorpion (D:8)
  7 wights (D:6)
  2 howler monkeys
  A centaur zombie (Ossuary)
  4 hounds
  An orc priest (D:6)
  A human zombie (Ossuary)
  A gnoll shaman (D:8)
  3 orc wizards
  Ijyb (D:3)
  Natasha (twice) (D:3)
  4 worker ants
  3 big kobold zombies (Ossuary)
  4 mummies (Ossuary)
  13 gnolls
  A howler monkey skeleton (D:8)
  9 adders
  2 shadow imps
  2 white imps
  An ufetubus (D:5)
  An ooze (D:2)
  A worm zombie (D:7)
  2 worms (D:4)
  3 dart slugs
  5 leopard geckos
  15 orcs
  3 giant cockroaches
  A gnoll zombie (Ossuary)
  7 goblins
  6 hobgoblins
  3 jackals (D:2)
  5 quokkas
  11 bats
  5 frilled lizards
  A goblin zombie (Ossuary)
  A hobgoblin zombie (Ossuary)
  10 kobolds
  7 rats
173 creatures vanquished.

Vanquished Creatures (collateral kills)
  A wyvern (D:8)
  A basilisk (D:8)
  2 water moccasins (D:8)
  A phantom (D:4)
  An orc warrior (D:6)
  A bullfrog (D:8)
  A wight (D:6)
  A bullfrog zombie (D:5)
  A hound (D:4)
  Natasha (D:3)
  An orc wizard (D:4)
  A worker ant (D:4)
  2 gnolls (D:2)
  A ball python (D:6)
  A giant cockroach (D:4)
  2 goblins
19 creatures vanquished.

Vanquished Creatures (others)
  A bush (D:8)
  A fungus (D:8)
  26 plants
28 creatures vanquished.

Grand Total: 220 creatures vanquished

Notes
Turn   | Place    | Note
-------+----------+-------------------------------------------
     0 | D:1      | Silvore the Demonspawn Gladiator began the quest for the
                  | Orb.
     0 | D:1      | Reached XP level 1. HP: 16/16 MP: 1/1
   286 | D:1      | Gained mutation: A weak demonic guardian rushes to your
                  | aid. [demonic ancestry]
   286 | D:1      | Reached XP level 2. HP: 22/22 MP: 2/2
   606 | D:1      | Reached skill level 3 in Long Blades
  1000 | D:1      | Reached XP level 3. HP: 27/27 MP: 3/3
  1640 | D:2      | Reached skill level 1 in Armour
  1874 | D:2      | Reached XP level 4. HP: 25/33 MP: 4/4
  2397 | D:3      | Found a hazy altar of Hepliaklqana.
  2433 | D:3      | Found a snail-covered altar of Cheibriados.
  2434 | D:3      | Noticed Natasha
  2447 | D:3      | Killed Natasha
  2647 | D:3      | Noticed Ijyb
  2666 | D:3      | Killed Ijyb
  2667 | D:3      | Reached skill level 4 in Long Blades
  2667 | D:3      | Gained mutation: Your flesh is cold resistant. (rC+)
                  | [demonic ancestry]
  2667 | D:3      | Reached XP level 5. HP: 22/38 MP: 5/5
  2877 | D:3      | Noticed Natasha
  2885 | D:3      | Killed Natasha
  2932 | D:3      | Noticed Natasha
  2939 | D:3      | Killed Natasha
  3110 | D:3      | Found a faded altar of an unknown god.
  3218 | D:4      | Reached skill level 1 in Stealth
  3254 | D:4      | Reached XP level 6. HP: 37/46 MP: 6/6
  3497 | D:4      | Reached skill level 5 in Long Blades
  3912 | D:4      | Gained mutation: You are partially covered in razor-sharp
                  | scales. (AC +1, Slay +1) [demonic ancestry]
  3912 | D:4      | Reached XP level 7. HP: 47/51 MP: 7/7
  3965 | D:4      | Found a staircase to the Ecumenical Temple.
  3978 | Temple   | Entered the Ecumenical Temple
  4024 | Temple   | Became a worshipper of Warmaster Okawaru
  4126 | D:5      | Entered Level 5 of the Dungeon
  4942 | D:6      | Noticed a komodo dragon
  4949 | D:6      | Killed a komodo dragon
  4949 | D:6      | Reached * piety under Okawaru
  4950 | D:6      | Reached skill level 6 in Long Blades
  4971 | D:6      | Gained mutation: You are immune to freezing clouds.
                  | [demonic ancestry]
  4971 | D:6      | Reached XP level 8. HP: 31/58 MP: 8/8
  5136 | D:6      | Identified the +2 robe of Watteda {Stlth+}
  5513 | D:6      | Found an opulent altar of Gozag.
  6081 | D:5      | Found a blossoming altar of Fedhas.
  6100 | D:5      | Reached skill level 7 in Long Blades
  6106 | D:6      | Reached ** piety under Okawaru
  6178 | D:6      | Reached skill level 5 in Dodging
  6326 | D:6      | Found an ancient bone altar of Kikubaaqudgha.
  6553 | D:6      | Found a radiant altar of Vehumet.
  6751 | D:7      | Gained mutation: You have sharp toenails. [demonic
                  | ancestry]
  6751 | D:7      | Reached XP level 9. HP: 53/66 MP: 9/9
  6781 | D:7      | Reached skill level 8 in Long Blades
  6787 | D:7      | Found a stormy altar of Qazlal.
  6833 | D:7      | Found a sand-covered staircase.
  6858 | Ossuary  | Entered an ossuary
  7368 | Ossuary  | Reached skill level 5 in Armour
  7750 | D:7      | Reached *** piety under Okawaru
  7901 | D:8      | Found a staircase to the Lair.
  7912 | D:8      | Reached skill level 5 in Fighting
  8192 | D:8      | Reached skill level 9 in Long Blades
  9101 | D:8      | Noticed a two-headed ogre
  9110 | D:8      | Reached **** piety under Okawaru
  9111 | D:8      | Reached XP level 10. HP: 49/75 MP: 8/10
  9390 | D:8      | HP: 1/76 [centaur/+0 war axe (4)]
  9393 | D:7      | Mangled by a centaur

Illustrated notes

Levels and vault maps discovered:
D:1:      sevenhm_arrival_forest_fort_small_5, layout_basic
D:2:      layout_basic
D:3:      layout_rooms, lemuel_crystal_altar, lemuel_doored_altar,
          chequers_ecumenical_altar_simple, uniq_natasha, uniq_ijyb
D:4:      layout_basic, minmay_temple_entry_butterflies, st_stairs_14
D:5:      layout_rooms, nicolae_overflow_hidden_temple, minmay_misc_feat_encased
D:6:      layout_basic, fiery_altar_vehumet, lemuel_crystal_altar,
          nicolae_gozag_cash_rules_everything_around_me, hangedman_glass_garden
D:7:      layout_rooms, enter_ossuary_3, nicolae_qazlal_general_emergency
D:8:      layout_loops_ring, minmay_lair_entry_grove, minmay_misc_feat_rugged,
          minmay_alternating_orb
Temple:   eino_wide_crystal_templ

Skill      XL: |  1  2  3  4  5  6  7  8  9 |
---------------+----------------------------+-----
Throwing       | 2 |  2.0
Dodging        | 3 4 5 |  5.8
Long Blades    | 3 4 5 6 7 9 |  9.4
Armour         | 1 2 3 4 5 |  5.6
Stealth        | 1 2 3 |  3.5
Fighting       | 3 4 5 |  5.6

Action                   |  1- 3 |  4- 6 |  7- 9 | 10-12 || total
-------------------------+-------+-------+-------+-------++-------
Melee: Long sword        |   103 |   179 |   288 |       ||   570
       Kick              |       |       |   117 |    10 ||   127
       Falchion          |       |       |   116 |    18 ||   134
  Use: Scroll            |     2 |     3 |    15 |       ||    20
       Potion            |       |     2 |       |     1 ||     3
 Stab: Sleeping          |     1 |     1 |     1 |       ||     3
       Distracted        |       |     2 |     5 |       ||     7
Armor: Leather armour    |    34 |       |       |       ||    34
       Ring mail         |    22 |    75 |   172 |     3 ||   272
       Skin              |       |     5 |       |       ||     5
Dodge: Dodged            |   107 |   136 |   342 |    17 ||   602
       Rpst.: Long sword |    31 |    38 |    73 |       ||   142
       Falchion          |       |       |    31 |     2 ||    33
